Arrhythmia, chaotic female vampiric Convict -------- -------- -------- -------- |......| |......|####-......| #.......| |......| #........# |......| ###|......+ |.......####|......| |...<..| # |......| |......| |......| |.......## |......| |......| |.B....| |......| |......| -----.-- -@------ -------- --.----- # _# ## # # # ## ## ### ------|- ---.---- -------- -----.-- -------- |......| |......| |......| |......| |......| |.......####|.......## |......| |......| |..>...| |......| #.......| # |......| |.......### |......| |......| |......| ###|.....%| |......| # |......| |......| |......| #.......| |......| ##.......-#### -------- -------- -------- -------- -------- Arrhythmia the Jail-bird Experience level: 7 Strength: 15 Dexterity: 15 Constitution: 14 Intelligence: 11 Wisdom: 11 Charisma: 8 Health: 0(57) Energy: 44(44) AC: 10 Gold: 0 Moves: 2678 Your Inventory: Amulets f - an [uncursed] convex amulet [versus poison] Armor b - a cursed burnt +0 striped shirt (being worn) Scrolls g - 2 [uncursed] scrolls labeled ETAOIN SHRDLU [of teleportation] h - an [uncursed] scroll labeled READ ME [of flood] i - 2 [uncursed] unlabeled scrolls [of blank paper] k - an [uncursed] scroll labeled ASHPD [of scare monster] l - 3 [uncursed] scrolls labeled ZELGO MER [of remove curse] m - a [blessed] scroll labeled AQUE BRAGH [of confuse monster] n - an [uncursed] scroll labeled MAPIRO MAHAMA DIROMAT [of destroy armor] o - 3 [uncursed] scrolls labeled VE FORBRYDERNE [of magic mapping] p - 3 [uncursed] scrolls labeled HZLRC KSTSBD MPFNG [of identify] q - 2 [uncursed] scrolls labeled ZLORFIK [of light] r - an [uncursed] scroll labeled LOREN IPSUM [of stinking cloud] s - 3 [blessed] scrolls labeled HZLRC KSTSBD MPFNG [of identify] t - an [uncursed] scroll labeled AQUE BRAGH [of confuse monster] u - a [cursed] scroll labeled READ ME [of flood] v - a [cursed] scroll labeled VE FORBRYDERNE [of magic mapping] Spellbooks w - an [uncursed] fuzzy spellbook [of confuse monster] Potions d - a [cursed] potion of oil e - a [cursed] icy potion [of blindness] j - a [cursed] dark green potion [of invisibility] Iron balls c - an [uncursed] heavy iron ball (chained to you) (weapon in hand) Spells known in the end: Name Level Category Fail Memory Your skills at the end: Fighting Skills Weapon Skills sling [Basic / Skilled] Spellcasting Skills Final Attributes: You were piously aligned. Hunger level was 264. Your alignment was 23 / 23. Monster difficulty range was 0 - 5. Level difficulty was 3. You were immune to poison. You were immune to level-drain. You were immune to sickness. You were punished. You could fly. You could survive without air. You regenerated. Your luck was zero. You are dead. Vanquished creatures: 2 small mimics a leprechaun a housecat 5 Mordor orcs a fog cloud a gnome lord a ghoul a paper golem a wax golem a baby crocodile 3 giant ants a floating eye 2 hill orcs 2 giant bats an iguana an acid blob a gas spore 2 giant rats 2 yellow molds a gecko 4 jackals 2 foxes a kobold 3 sewer rats 7 grid bugs a bat a lichen a kobold zombie 5 newts 56 creatures vanquished. Voluntary challenges: You went without food. You were illiterate. You never hit with a wielded weapon. You put on armor 1 time. You never genocided any monsters. You never polymorphed an object. You never changed form. You used no wishes. You abstained from Elbereth's help. You never encountered a bones level. You never used any Sokoban shortcuts. Dungeon overview: The Dungeons of Doom: levels 1 to 5 Level 1 a fountain a long staircase Level 2 a fountain Level 3 <- You were here a scroll shop Level 4 an altar to Tymora, a fountain Level 5 many fountains History has recorded: On T:1 you entered the Dungeons of Doom to retrieve the Amulet of Yendor! On T:794 you reached level 2 of The Dungeons of Doom. On T:921 you advanced to experience level 2. On T:1048 you reached level 3 of The Dungeons of Doom. On T:1065 you advanced to experience level 3. On T:1287 you advanced to experience level 4. On T:1395 you reached level 4 of The Dungeons of Doom. On T:1517 you advanced to experience level 5. On T:2042 you reached level 5 of The Dungeons of Doom. On T:2058 you advanced to experience level 6. On T:2421 you advanced to experience level 7. Latest messages: w - a fuzzy spellbook. Lahinch zaps a wand of magic missile! The magic missile hits you! The magic missile bounces! (2x) [HP-3=54] Lahinch zaps a wand of magic missile! The magic missile hits you! The magic missile bounces! The magic missile hits you! The magic missile hits Lahinch! [HP-14=40] Lahinch zaps a marble wand! The wand hits you! [HP-21=19] [HP+1=20] Lahinch zaps a wand of striking! The wand hits you! You hear the howling of the CwnAnnwn... [HP-16=4] [HP+1=5] The giant bat bites! You die... Lahinch comes and takes all your possessions. Final status: Goodbye Arrhythmia the Convict... You died in The Dungeons of Doom on dungeon level 3 with 2612 points, and 0 pieces of gold, after 2678 moves. You were level 7 with a maximum of 57 hit points when you died.